 Dungeon Crawl Stone Soup version 0.19-a0-854-gc78d25d (webtiles) character file.

26 Implojin the Chopper (level 2, -2/26 HPs)
             Began as a Minotaur Fighter on July 1, 2016.
             Slain by an orc
             ... wielding a +0 whip
              (6 damage)
             ... on level 4 of the Dungeon.
             The game lasted 00:01:09 (240 turns).

Implojin the Chopper (Minotaur Fighter)              Turns: 240, Time: 00:01:10

Health: -2/26      AC:  5    Str: 20    XL:     2   Next: 89%
Magic:  1/1        EV:  8    Int:  5    God:
Gold:   4          SH:  9    Dex:  9    Spells: 0 memorised, 1 level left

rFire  . . .     SeeInvis .     a - +0 war axe
rCold  . . .     Gourm    .     e - +0 ring mail
rNeg   . . .     Faith    .     c - +0 shield
rPois  .         Spirit   .     (helmet restricted)
rElec  .         Dismiss  .     (no cloak)
rCorr  .         Reflect  .     (no gloves)
SustAt .         Harm     .     (no boots)
MR     .....                    (no amulet)
Stlth  ..........               (no ring)
                                (no ring)

@: not resistant to hostile enchantments, extremely unstealthy
A: retaliatory headbutt, horns 2
a: no special abilities


You were on level 4 of the Dungeon.
You were not hungry.

You visited 1 branch of the dungeon, and saw 4 of its levels.

You collected 4 gold pieces.

Inventory:

Hand Weapons
 a - a +0 war axe (weapon)
Armour
 b - a +0 scale mail
 c - a +0 shield (worn)
 e - a +0 ring mail (worn)
Scrolls
 g - a scroll of enchant weapon {unknown}
 h - a scroll of identify {unknown}
 i - a scroll of random uselessness {unknown}
 j - a scroll of remove curse {unknown}
 k - a scroll of amnesia {unknown}
 l - a scroll of fog {unknown}
Potions
 d - a potion of might
 m - a potion of curing {unknown}
 n - a potion of flight {unknown}
Comestibles
 f - 2 bread rations


   Skills:
 - Level 3.6 Fighting
 * Level 4.2 Axes
 - Level 3.6 Armour
 - Level 3.6 Shields


You had one spell level left.
You didn't know any spells.

Dungeon Overview and Level Annotations

Branches:
Dungeon (4/15)
 Temple: D:4-7

Altars:

Annotations:
D:3 exclusion: upstairs


Innate Abilities, Weirdness & Mutations

You reflexively headbutt those who attack you in melee.
You have a pair of horns on your head.


Message History

An orc comes into view.
The orc shouts! 2 orcs come into view.
The orc shouts!
A giant newt comes into view.
The giant newt hisses angrily.
The orc barely misses you. You furiously retaliate!
You headbutt the orc!
You kill the orc!
Found a stone staircase leading down.
Things that are here:
a hand axe; an orc corpse You hit the orc.
The orc is moderately wounded.
The orc hits you.
* * * LOW HITPOINT WARNING * * *
You slash the orc!
You kill the orc!
You barely miss the orc. You block the orc's attack.
The orc hits you but does no damage. x2
You hit the orc.
The orc is lightly wounded.
You hit the orc. You block the orc's attack. The orc closely misses you.
Unknown command.
You hit the orc.
The orc is severely wounded.
You closely miss the orc. You block the orc's attack. x2
The orc hits you with a whip.
* * * LOW HITPOINT WARNING * * *
Unknown command.
You closely miss the orc. Your headbutt misses the orc.
The orc is severely wounded.
You closely miss the orc. The orc completely misses you.
The orc barely misses you.
Unknown command.
You barely miss the orc. Your headbutt misses the orc.
The orc is severely wounded.
You barely miss the orc. The orc hits you with a flail.
* * * LOW HITPOINT WARNING * * *
The orc hits you with a whip.
You die...

#..##.# ##.##.##
#.....###.####
####.........#
##.###.##.# #.#
... #.# #.# #
####.#####.##..#
#.........@ol#
#..........o......
#.........##......
########### ......
...... ..... .....
>...


You could see 2 orcs and a giant newt.

Vanquished Creatures
  An adder (D:2)
  A dart slug (D:3)
  3 orcs
  A goblin (D:3)
  3 hobgoblins
  2 jackals (D:3)
11 creatures vanquished.

Notes
Turn   | Place    | Note
-------+----------+-------------------------------------------
     0 | D:1      | Implojin the Minotaur Fighter began the quest for the Orb.
     0 | D:1      | Reached XP level 1. HP: 19/19 MP: 0/0
    72 | D:2      | Reached skill level 3 in Axes
    72 | D:2      | Reached XP level 2. HP: 17/26 MP: 1/1
   179 | D:3      | Reached skill level 4 in Axes
   240 | D:4      | Slain by an orc

Vault maps used:
D:1:      minmay_arrival_five_plusses
D:2:      lemuel_round_altar, first_bread, uniq_crazy_yiuf_cottage
D:3:      kiku_gazebo_garden_becter, cheibrodos_ashenzari_chains

Skill      XL: |  1  2 |
---------------+-------+-----
Axes           | 3 4 |  4.2
Fighting       | |  3.6
Armour         | |  3.6
Shields        | |  3.6

Action                   || total
-------------------------++-------
Melee: War axe           ||    35
       Headbutt          ||     4
Armor: Ring mail         ||    12
Dodge: Dodged            ||    18
Block: Shield            ||    19

Table legend:
 A = Turns spent in this place as a percentage of turns spent in the entire game.
 B = Non-inter-level travel turns spent in this place as a percentage of non-inter-level travel turns spent in the entire game.
 C = Inter-level travel turns spent in this place as a percentage of turns spent in this place.
 D = Turns resting spent in this place as a percentage of non-inter-level travel turns spent in this place.
 E = Turns spent auto-exploring this place as a percentage of non-inter-level travel turns spent in this place.
 F = Non-inter-level travel turns spent in this place divided by the number of levels of this place that you've seen.
                   A       B       C       D       E      F
               +-------+-------+-------+-------+-------+----------------------
         Total | 100.0 | 100.0 |   0.0 |   0.0 |   0.0 |  59.5
       Dungeon | 100.0 | 100.0 |   0.0 |   0.0 |   0.0 |  59.5
               +-------+-------+-------+-------+-------+----------------------

Table legend:
 A = Kills in this place as a percentage of kills in entire the game.
 B = Kills by you in this place as a percentage of kills by you in the entire game.
 C = Kills by friends in this place as a percentage of kills by friends in the entire game.
 D = Other kills in this place as a percentage of other kills in the entire game.
 E = Experience gained in this place as a percentage of experience gained in the entire game.
 F = Experience gained in this place divided by the number of levels of this place that you have seen.
                   A       B       C       D       E      F
               +-------+-------+-------+-------+-------+----------------------
         Total | 100.0 | 100.0 |  -nan |  -nan | 100.0 |   9.5
       Dungeon | 100.0 | 100.0 |  -nan |  -nan | 100.0 |   9.5
               +-------+-------+-------+-------+-------+----------------------
